Map: Oxide LE

Players

Serral - Winner!

  • Race: Zerg Zerg
  • Spawn Location: 7:00

Dark

  • Race: Zerg Zerg
  • Spawn Location: 1:00

Event: TSL 6

VOD

Have the link to the VOD?

Description

Time

  • Played on: Dec. 12, 2020, 1:51 p.m.
  • Length: 7:36

All games in this series

Show
View Real Time Build Order
Export as new Build Order

Serral Zerg - Winner!

Build Orders: Pool First 

Get SALT Encoding   

  12  0:00  Drone  
  13  0:12  Overlord  
  13  0:16  Drone  
  14  0:31  Drone x2  
  14  0:34  Drone  
  17  0:44  Spawning Pool  
  17  0:46  Drone  
  17  1:06  Hatchery  
  17  1:09  Drone  
  17  1:11  Extractor  
  17  1:15  Drone  
  17  1:18  Drone  
  18  1:31  Zergling x2, Queen  
  21  1:39  Overlord  
  21  1:49  Drone  
  22  2:00  Drone  
  23  2:06  Queen  
  25  2:10  Metabolic Boost  
  25  2:11  Drone  
  26  2:18  Queen, Drone  
  26  2:22  Drone  
  30  2:33  Overlord  
  30  2:34  Drone  
  31  2:39  Baneling Nest  
  31  2:40  Drone  
  31  2:41  Drone  
  31  2:43  Drone  
  33  2:46  Zergling x2  
  33  2:47  Drone  
  33  2:51  Drone  
  36  3:07  Hatchery  
  36  3:08  Drone  
  36  3:11  Drone  
  37  3:14  Drone x2  
  37  3:15  Drone  
  40  3:20  Overlord  
  40  3:23  Zergling x2  
  40  3:25  Zergling x2  
  40  3:26  Zergling x2  
  43  3:29  Drone  
  43  3:33  Baneling  
  44  3:35  Evolution Chamber  
  44  3:38  Zergling x2  
  44  3:39  Drone x3  
  46  3:45  Baneling  
  46  3:48  Zergling x4  
  48  3:49  Baneling  
  48  3:57  Overlord  
  48  3:59  Roach Warren  
  48  4:00  Drone x2  
  48  4:01  Overlord  
  49  4:07  Zerg Missile Weapons Level 1  
  49  4:09  Drone x2  
  51  4:15  Overlord  
  49  4:24  Overlord  
  49  4:26  Drone, Evolution Chamber  
  49  4:28  Drone x2  
  49  4:29  Drone x2  
  53  4:32  Extractor  
  53  4:33  Overlord  
  53  4:36  Zergling x4  
  53  4:37  Baneling  
  54  4:39  Roach  
  54  4:42  Roach x2  
  59  4:54  Overlord  
  59  4:57  Drone  
  59  4:58  Roach  
  60  5:01  Roach  
  60  5:02  Extractor, Roach  
  63  5:10  Roach  
  63  5:14  Queen  
  65  5:17  Roach x2  
  70  5:26  Roach x2  
  74  5:33  Roach x2  
  77  5:37  Queen  
  77  5:38  Roach x2  
  77  5:41  Zergling x16  
  91  5:49  Queen  
  91  5:53  Zergling x8  
  91  5:55  Baneling x5  
  97  6:06  Zergling x8  
  97  6:16  Zergling x12  
  99  6:21  Ravager  
  95  6:26  Zergling x8, Roach x2  
  95  6:30  Zergling x2  
  97  6:33  Zergling x2  
  97  6:36  Zergling x2  
  90  6:45  Zergling x10  
  90  6:57  Zergling x6, Roach x2  
  90  6:59  Roach  
  96  7:02  Zergling x2  
  96  7:05  Zergling x2  
  96  7:07  Zergling x4  
  88  7:09  Zergling x2  
  88  7:10  Zergling x2  
  88  7:14  Zergling x2  
  88  7:15  Ravager  
  87  7:16  Zergling x2  
Show
View Real Time Build Order
Export as new Build Order

Dark Zerg 

Build Orders: Hatch First 

Get SALT Encoding   

  12  0:00  Drone  
  13  0:12  Overlord  
  13  0:17  Drone  
  14  0:30  Drone x2  
  16  0:47  Hatchery  
  15  0:52  Drone  
  15  0:55  Drone  
  17  1:00  Drone  
  18  1:09  Extractor  
  17  1:16  Spawning Pool, Drone  
  17  1:19  Drone  
  18  1:27  Drone  
  19  1:39  Drone  
  20  1:49  Drone  
  21  2:02  Queen x2  
  21  2:03  Zergling x2  
  21  2:05  Drone  
  27  2:11  Overlord  
  27  2:13  Zergling x2, Metabolic Boost  
  29  2:30  Drone x2  
  29  2:33  Drone x2  
  32  2:40  Hatchery  
  31  2:46  Queen  
  33  2:53  Baneling Nest  
  33  2:57  Overlord  
  32  3:03  Drone x2  
  34  3:10  Drone  
  34  3:15  Zergling x4  
  34  3:16  Zergling x2  
  34  3:17  Zergling x4  
  34  3:19  Zergling x2  
  40  3:22  Zergling x2  
  41  3:27  Zergling x4  
  41  3:30  Zergling x2  
  44  3:36  Baneling x2  
  44  3:40  Overlord  
  44  3:53  Baneling x2  
  44  3:54  Drone x6  
  49  4:08  Drone x3  
  50  4:12  Drone x2  
  50  4:13  Zergling x2  
  50  4:15  Zergling x2  
  52  4:24  Extractor  
  52  4:26  Zergling x2  
  52  4:27  Zergling x4  
  53  4:33  Zergling x4  
  53  4:35  Overlord  
  55  4:40  Drone  
  55  4:43  Drone  
  55  4:44  Lair  
  57  4:46  Overlord  
  57  4:50  Drone  
  57  4:52  Roach Warren, Evolution Chamber  
  55  4:53  Drone x2  
  55  4:54  Overlord  
  55  4:55  Overlord  
  55  4:57  Drone x3  
  60  5:00  Baneling x7  
  60  5:01  Baneling  
  60  5:05  Extractor  
  59  5:07  Extractor  
  59  5:08  Zergling x6  
  59  5:10  Zergling x2  
  59  5:14  Baneling x2  
  62  5:18  Drone x4  
  62  5:19  Drone  
  65  5:32  Roach x4  
  71  5:37  Spine Crawler  
  71  5:39  Roach x2  
  71  5:41  Roach  
  76  5:44  Roach  
  76  5:45  Overlord  
  78  5:51  Roach x2  
  78  5:55  Roach  
  78  5:57  Spine Crawler  
  82  6:07  Roach x3  
  82  6:08  Roach x2  
  82  6:10  Roach  
  93  6:13  Roach  
  93  6:18  Roach x2  
  90  6:20  Roach  
  90  6:24  Roach  
  88  6:26  Roach  
  88  6:27  Roach  
  88  6:29  Roach  
  87  6:33  Roach  
  87  6:36  Roach  
  87  6:38  Roach  
  80  6:41  Zergling x2  
  80  6:43  Roach  
  82  6:49  Roach x2  
  80  6:55  Roach x2  
  80  6:58  Roach  
  79  7:02  Roach x2  
  79  7:07  Roach  
  75  7:10  Roach  
  75  7:13  Roach  
  75  7:15  Roach  
Tags
 
Event
TSL 6
Matchup
ZvZ
Race
Zerg
Spawn Locations
Cross Positions
Add a new tag
Caveats
  • Supply blocks, unpowered buildings, or Contaminate may cause inaccurate times.
  • Supply counts are checked every 10 seconds.